 Dungeon Crawl Stone Soup version 0.17.0 (webtiles) character file.

87 Eucla the Chopper (level 4, -3/38 HPs)
             Began as a Minotaur Gladiator on Nov 15, 2015.
             Was an Initiate of Qazlal.
             Killed from afar by Natasha (8 damage)
             ... with a magic dart
             ... on level 2 of the Dungeon.
             The game lasted 00:01:47 (1695 turns).

Eucla the Chopper (Minotaur Gladiator)              Turns: 1695, Time: 00:01:47

Health: -3/38      AC:  6    Str: 19    XL:     4   Next: 28%
Magic:  12/12      EV: 12    Int:  5    God:    Qazlal [......]
Gold:   96         SH:  0    Dex: 12    Spells: 0 memorised, 3 levels left

rFire  . . .     SeeInvis .     a - +0 war axe
rCold  . . .     Clarity  .     n - +0 ring mail
rNeg   . . .     SustAt   .     (no shield)
rPois  .         Gourm    .     c - +0 hat
rElec  .         Spirit   .     (no cloak)
rCorr  .         Warding  .     p - +0 pair of gloves
rMut   .         Stasis   .     (no boots)
MR     .....                    (no amulet)
Stlth  ..........               (no ring)
                                g - ring of magical power

@: confused, not resistant to hostile enchantments, extremely unstealthy
A: retaliatory headbutt, horns 2
a: Renounce Religion


You were on level 2 of the Dungeon.
You worshipped Qazlal.
Qazlal was noncommittal.
You were hungry.

You visited 1 branch of the dungeon, and saw 2 of its levels.

You collected 96 gold pieces.

Inventory:

Hand Weapons
 a - a +0 war axe (weapon)
Missiles
 d - 3 throwing nets (quivered)
Armour
 b - a +0 leather armour
 c - a +0 hat (worn)
 n - a +0 ring mail (worn)
 p - a +0 pair of gloves (worn)
Jewellery
 g - a ring of magical power (left hand)
Scrolls
 f - a scroll of amnesia {unknown}
 h - a scroll of enchant armour {unknown}
 i - 2 scrolls of identify {unknown}
 l - a scroll of teleportation {unknown}
Potions
 j - a potion of haste
 k - a potion of heal wounds {unknown}
 m - 2 potions of ambrosia {unknown}
 o - 2 potions of curing {unknown}
Comestibles
 e - a bread ration


   Skills:
 * Level 3.3 Fighting
 * Level 4.3 Axes
 - Level 2.0 Throwing
 * Level 2.6 Armour
 * Level 3.8 Dodging
 + Level 0.0 Invocations


You had 3 spell levels left.
You didn't know any spells.

Dungeon Overview and Level Annotations

Branches:
Dungeon (2/15)

Altars:
Dithmenos
Okawaru
Qazlal
Ru

Annotations:
D:2 Natasha


Innate Abilities, Weirdness & Mutations

You reflexively headbutt those who attack you in melee.
You have a pair of horns on your head.


Message History

You're too confused to move!
The bat barely misses you.
Natasha zaps a wand.
You are more confused.
The crimson imp closely misses you.
Unknown command.
The bat misses you.
Natasha casts a spell.
The crimson imp hits you but does no damage.
Unknown command.
You closely miss the bat. You barely miss the crimson imp.
The crimson imp is moderately wounded.
The bat hits you but does no damage.
The crimson imp blinks!
Natasha stares at you and mumbles some strange words.
The magic dart hits you!
Unknown command.
You bump into the rock wall.
Natasha claws you but does no damage. The iron imp hits you!
* * * LOW HITPOINT WARNING * * *
Natasha casts a spell at you. The magic dart hits you!
You die...

##########.######.#######.###.#
##............##...###.##..#..#
##.######..##......)...###...##
##.# #.###.##...##..# #.###
##.# #.# #.###.###..# #.# ...#
#.# #.##>.###..# #(###### ####
#.###..........###......#
#.##...#.####.....#.###.#
#.#....5@####..###.§§##.#
#.5....bh5.>....#§#§#§#.#
###.............§§§_.§§.#
##..........###.#.#§###
#####..##### ##§§§## #..# ##.##
#####..#### #.# #.........# #.#
#.#######.# #.#


You could see an iron imp, Natasha, 2 crimson imps and a bat.

Vanquished Creatures
  Natasha (twice) (D:2)
  An adder (D:2)
  An ooze (D:1)
  2 giant geckos (D:2)
  A ball python (D:2)
  A bat (D:1)
  8 giant cockroaches
  2 goblins
  5 hobgoblins
  4 kobolds (D:2)
  4 giant newts
  7 rats
38 creatures vanquished.

Notes
Turn   | Place    | Note
--------------------------------------------------------------
     0 | D:1      | Eucla the Minotaur Gladiator began the quest for the Orb.
     0 | D:1      | Reached XP level 1. HP: 18/18 MP: 0/0
    89 | D:1      | Reached skill level 1 in Armour
   160 | D:1      | Reached XP level 2. HP: 23/25 MP: 1/1
   873 | D:2      | Noticed Natasha
   879 | D:2      | Killed Natasha
   879 | D:2      | Reached skill level 4 in Axes
   879 | D:2      | Reached XP level 3. HP: 16/31 MP: 2/2
  1034 | D:2      | Noticed Natasha
  1039 | D:2      | Killed Natasha
  1125 | D:2      | Found a shadowy altar of Dithmenos.
  1138 | D:2      | Found a stormy altar of Qazlal.
  1237 | D:2      | Became a worshipper of Qazlal Stormbringer
  1308 | D:2      | Reached XP level 4. HP: 38/38 MP: 3/3
  1507 | D:2      | Found a sacrificial altar of Ru.
  1523 | D:2      | Found an iron altar of Okawaru.
  1684 | D:2      | Noticed Natasha
  1695 | D:2      | Killed from afar by Natasha

Action                   |  1- 3 |  4- 6 || total
-------------------------+-------+-------++-------
Melee: War axe           |    58 |    21 ||    79
  Eat: Chunk             |     1 |     1 ||     2
